 Dungeon Crawl Stone Soup version 0.17-a0-2118-g63bad21 (webtiles) character file.

237 septik the Digger (level 6, -3/32 HPs)
             Began as a Gargoyle Earth Elementalist on Oct 20, 2015.
             Was a Follower of Vehumet.
             Killed from afar by an orc wizard (4 damage)
             ... with a puff of flame
             ... on level 4 of the Dungeon.
             The game lasted 00:25:06 (3694 turns).

septik the Digger (Gargoyle Earth Elementalist)     Turns: 3694, Time: 00:25:36

Health: -3/32      AC:  9    Str: 12    XL:     6   Next: 6%
Magic:  1/12       EV: 12    Int: 17    God:    Vehumet [*.....]
Gold:   172        SH:  0    Dex: 10    Spells: 3 memorised, 8 levels left

rFire  + . .     SeeInvis +     a - 16 stones
rCold  . . .     Clarity  .     b - +0 robe
rNeg   + . .     SustAt   .     (no shield)
rPois  ∞         Gourm    .     (no helmet)
rElec  +         Spirit   .     (no cloak)
rCorr  .         Warding  .     s - +1 pair of gloves
rMut   +         Stasis   .     n - +0 pair of boots
MR     .....                    i - amulet of resist mutation
Stlth  ++........               r - ring of protection from fire
                                m - ring of see invisible

@: not resistant to hostile enchantments, unstealthy
A: negative energy resistance 1, electricity resistance, unbreathing,
petrification resistance, rot immunity, AC +4
a: Renounce Religion


You were on level 4 of the Dungeon.
You worshipped Vehumet.
Vehumet was aware of your devotion.
You were not hungry.

You visited 1 branch of the dungeon, and saw 4 of its levels.

You collected 172 gold pieces.

Inventory:

Hand Weapons
 f - a +0 whip
Missiles
 a - 16 stones (in hand)
 p - 8 arrows of frost
Armour
 b - a +0 robe (worn)
 n - a +0 pair of boots (worn)
 s - a +1 pair of gloves (worn)
Jewellery
 i - an amulet of resist mutation (around neck)
 m - a ring of see invisible (left hand)
 r - a ring of protection from fire (right hand)
Wands
 t - a wand of draining (8)
Scrolls
 q - a scroll of remove curse {unknown}
Potions
 e - 3 potions of curing
 j - a potion of brilliance {unknown}
 k - a potion of mutation {unknown}
 l - a potion of magic {unknown}
 o - a potion of degeneration {unknown}
Books
 c - a book of Geomancy

   Spells                             Type                      Level
   a - Sandblast                      Earth                        1
   b - Stoneskin                      Transmutation/Earth          2
   c - Passwall                       Transmutation/Earth          3
   d - Stone Arrow                    Conjuration/Earth            3
   e - Petrify                        Transmutation/Earth          4
   f - Lee's Rapid Deconstruction     Earth                        5
Comestibles
 d - 6 bread rations
 g - 2 chunks of flesh
 h - a meat ration


   Skills:
 - Level 1.5 Dodging
 - Level 2.1 Stealth
 * Level 4.5 Spellcasting
 + Level 2.1 Conjurations
 - Level 0.7 Transmutations
 + Level 5.0 Earth Magic


You had 8 spell levels left.
You knew the following spells:

 Your Spells              Type           Power        Failure   Level  Hunger
a - Sandblast             Erth           ###...       1%          1    None
b - Stoneskin             Trmt/Erth      ##......     10%         2    ##.....
c - Stone Arrow           Conj/Erth      ###...       12%         3    ###....


Dungeon Overview and Level Annotations

Branches:
Dungeon (4/15)
 Temple: D:4-7

Altars:
Gozag
Qazlal
Vehumet


Innate Abilities, Weirdness & Mutations

You are resistant to torment.
Your stone body is resilient (AC +4).
You are immune to poison.
You resist negative energy.
You are resistant to electric shocks.
You can survive without breathing.
You are immune to petrification.
You are immune to rotting.


Message History

* * * LOW HITPOINT WARNING * * *
The orc wizard hits you but does no damage.
Items here: ))) [[ † The orc wizard hits you with a dagger.
* * * LOW HITPOINT WARNING * * *
The orc wizard closely misses you.
Wield which item (- for none, * to show all)? (? for menu, Esc to quit)
a - 17 stones (in hand)
Casting: Sandblast
Confirm with . or Enter, or press ? or * to list all spells.
Aiming: Sandblast
Press: ? - help, Shift-Dir - straight line, f/p - orc wizard
Aim: an orc wizard, wielding a dagger and wearing a robe (moderately wounded, fast, slightly transparent)
The rocky blast hits the orc wizard.
The orc wizard is severely wounded.
The orc wizard hits you with a dagger.
* * * LOW HITPOINT WARNING * * *
The orc wizard gestures at you while chanting.
The puff of flame hits you! You resist.
You die...

...o...................
......................
#....................#
####.........#..........#
#..........#............#
#.#......#..##...........
#...##...##..............
###..#...####............
#.).o@..#.>...........
###.......###.#..#.#..
#.........)..#.#.#..
##....#........#.#..
#....#......#.# #..
..............#......
#.#####.#......# (##.. #
#.#........ .
#.#.........##


You could see an orc wizard (invisible).

Vanquished Creatures
  3 orc wizards
  A worker ant (D:4)
  3 adders
  2 oozes
  3 worms
  A giant gecko (D:3)
  7 orcs
  2 ball pythons
  8 giant cockroaches
  14 goblins
  12 hobgoblins
  5 kobolds
  5 quokkas
  10 bats
  A giant newt (D:2)
  A quokka skeleton (D:4)
  6 rats
84 creatures vanquished.

Notes
Turn   | Place    | Note
--------------------------------------------------------------
     0 | D:1      | septik the Gargoyle Earth Elementalist began the quest for the Orb.
     0 | D:1      | Reached XP level 1. HP: 10/10 MP: 3/3
   339 | D:1      | Reached XP level 2. HP: 15/15 MP: 3/5
   662 | D:1      | Reached skill level 4 in Earth Magic
   958 | D:1      | You fall through a shaft!
   990 | D:2      | Reached XP level 3. HP: 6/19 MP: 0/7
  1455 | D:2      | Found an opulent altar of Gozag.
  1473 | D:2      | Learned a level 2 spell: Stoneskin
  1477 | D:2      | Learned a level 3 spell: Stone Arrow
  2178 | D:3      | Reached XP level 4. HP: 24/24 MP: 1/9
  2730 | D:3      | Reached skill level 1 in Conjurations
  2730 | D:3      | Reached XP level 5. HP: 18/28 MP: 2/10
  2868 | D:3      | Found a radiant altar of Vehumet.
  2878 | D:3      | Became a worshipper of Vehumet
  3165 | D:3      | Noticed an air elemental
  3169 | D:3      | Noticed a water elemental
  3171 | D:3      | Found a stormy altar of Qazlal.
  3172 | D:3      | Noticed an earth elemental
  3172 | D:3      | Noticed a fire elemental
  3673 | D:4      | Reached XP level 6. HP: 27/32 MP: 4/12
  3676 | D:4      | Reached * piety under Vehumet
  3676 | D:4      | Offered knowledge of Shock by Vehumet.
  3688 | D:4      | Reached skill level 5 in Earth Magic
  3694 | D:4      | HP: 1/32 [orc wizard/dagger (3)]
  3694 | D:4      | Killed from afar by an orc wizard

Vault maps used:
D:1:      lemuel_arrival_tunnels
D:2:      nicolae_gozag_cash_rules_everything_around_me
D:3:      old_standard_altar, nicolae_qazlal_style_of_elements,
          minmay_tree_intersection
D:4:      grunt_temple_overflow_open, first_bread

Action                   |  1- 3 |  4- 6 || total
-------------------------+-------+-------++-------
Melee: Unarmed           |     7 |       ||     7
       Dagger            |    57 |       ||    57
       Whip              |       |    70 ||    70
 Cast: Sandblast         |    84 |    99 ||   183
  Use: Scroll            |     2 |       ||     2
       Potion            |       |     1 ||     1
  Eat: Chunk             |     4 |     5 ||     9
